 Dungeon Crawl Stone Soup version 0.29-a0-1027-gcd8c55af63 (webtiles) character file.

Game seed: 1020235457781546720

21 27heaven the Slasher (level 2, -5/26 HPs)
             Began as a Minotaur Cinder Acolyte on Aug 12, 2022.
             Was a High Priest of Ignis.
             Slain by a worm (6 damage)
             ... on level 2 of the Dungeon.
             The game lasted 00:01:05 (820 turns).

27heaven the Slasher (Minotaur Cinder Acolyte)       Turns: 820, Time: 00:01:05

Health: -5/26      AC:  5    Str: 18    XL:     2   Next: 62%
Magic:  2/2        EV: 10    Int: 11    God:    Ignis [*****.]
Gold:   73         SH:  0    Dex:  5    Spells: 3/3 levels left

rFire   + . .      SeeInvis .   a - -1 falchion (flame)
rCold   . . .      Faith    .   (no shield)
rNeg    . . .      Spirit   .   e - +0 ring mail
rPois   .          Reflect  .   (helmet restricted)
rElec   .          Harm     .   (no cloak)
rCorr   .          Rampage  .   (no gloves)
Will    .....                   (no boots)
Stlth   ..........              (no amulet)
HPRegen 0.08/turn               (no ring)
MPRegen 0.08/turn               (no ring)

@: no status effects
A: horns 2, retaliatory headbutt
a: Renounce Religion, Fiery Armour, Foxfire Swarm, Rising Flame


You were on level 2 of the Dungeon.
You worshipped Ignis.
Ignis was extremely pleased with you.
You visited 1 branch of the dungeon, and saw 2 of its levels.

You collected 73 gold pieces.

Inventory:

Hand Weapons
 a - a -1 falchion of flaming (weapon)
Armour
 e - a +0 ring mail (worn)
Scrolls
 f - a scroll of poison {unknown}
 h - a scroll of magic mapping {unknown}
 i - a scroll of immolation {unknown}
 k - a scroll of identify {unknown}
Potions
 b - a potion of curing {unknown}
 c - a potion of lignification {unknown}
 d - a potion of attraction {unknown}
 g - a potion of flight {unknown}
 j - a potion of heal wounds {unknown}
 l - a potion of brilliance {unknown}


   Skills:
 - Level 3.6 Fighting
 + Level 4.8 Long Blades
 - Level 1.0 Spellcasting
 - Level 2.1 Fire Magic


You had 3 spell levels left.
You didn't know any spells.
Your spell library contained the following spells:

 Spells                   Type           Power      Damage    Failure   Level
 Scorch                   Fire           10%        2d6       34%         2
 Sandblast                Erth           0%         2d4       50%         1
 Passwall                 Tmut/Erth      0%         N/A       65%         2
 Stone Arrow              Conj/Erth      0%         3d7       86%         3


Dungeon Overview and Level Annotations

Branches:
Dungeon (2/15)

Altars:


Innate Abilities, Weirdness & Mutations

You have a pair of horns on your head.
You reflexively headbutt those who attack you in melee.


Message History

(D) Dungeon
Where to? (? - help)
What level of the Dungeon? (default 1, ? - help)
There is a stone staircase leading down here.
You climb downwards.
Found a stone staircase leading down.
There is a stone staircase leading up here.
A worm is nearby!
The worm bites you!
You hit the worm but do no damage. The worm bites you!
You are too injured to fight recklessly!
A worm comes into view.
Found 15 gold pieces.
The worm bites you.
You are too injured to fight recklessly!
You are too injured to fight recklessly!
You are too injured to fight recklessly!
You hit the worm but do no damage. You headbutt the worm.
The worm is moderately wounded.
You hit the worm but do no damage.
The worm is moderately wounded.
The worm bites you.
* * * LOW HITPOINT WARNING * * *
You are too injured to fight recklessly!
You barely miss the worm.
The worm is moderately wounded.
You are too injured to fight recklessly!
You hit the worm. You burn the worm.
The worm is heavily wounded.
The worm bites you.
* * * LOW HITPOINT WARNING * * *
You are too injured to fight recklessly!
You hit the worm. You burn the worm. Your headbutt misses the worm.
The worm is heavily wounded.
The worm barely misses you.
You are too injured to fight recklessly!
You barely miss the worm.
The worm is heavily wounded.
The worm bites you.
You die...

.# .# .# .#
##.## #...#
#...# .
####@..###..
#..ww.....>.
#...........
#.#........#
...#.<..###.#
#..$ #....# .
#.# ####.# #.
.# ##


You could see 2 worms.

Vanquished Creatures
  A ball python (D:1)
  2 bats (D:1)
  2 endoplasms (D:1)
  A giant cockroach (D:1)
  2 goblins (D:1)
  4 hobgoblins (D:1)
  A kobold (D:1)
  2 frilled lizards (D:1)
  2 rats (D:1)
17 creatures vanquished.

Notes
Turn   | Place    | Note
-------+----------+-------------------------------------------
     0 | D:1      | 27heaven the Minotaur Cinder Acolyte began the quest for
                  | the Orb.
     0 | D:1      | Reached XP level 1. HP: 19/19 MP: 1/1
   135 | D:1      | Reached skill level 4 in Long Blades
   211 | D:1      | Reached XP level 2. HP: 26/26 MP: 2/2
   818 | D:2      | HP: 1/26 [worm (2)]
   820 | D:2      | Slain by a worm

Illustrated notes

Levels and vault maps discovered:
D:1:      tarquinn_simple_flora_water_f, layout_rooms, minmay_misc_feat_pillars
D:2:      layout_loops_cross, chequers_ecumenical_altar_twisty, corexii_shack,
          uniq_crazy_yiuf_cottage

Skill      XL: |  1 |
---------------+----+-----
Long Blades    | 4 |  4.8
Fighting       | |  3.6
Spellcasting   | |  1.0
Fire Magic     | |  2.1

Action                   || total
-------------------------++-------
Melee: Falchion          ||    48
       Headbutt          ||     6
Armor: Ring mail         ||    14
Dodge: Dodged            ||    25

Table legend: (Time is in decaauts)
 A = Elapsed time spent in this place.
 B = Non-inter-level travel time spent in this place.
 C = Inter-level travel time spent in this place.
 D = Time resting spent in this place.
 E = Time spent auto-exploring this place.
 F = Levels seen in this place.
 G = Mean time per level.
                   A        B        C        D        E       F      G
               +--------+--------+--------+--------+--------+-----+--------+
         Total |    823 |    802 |     21 |      0 |    618 |   2 |  411.5 |
       Dungeon |    823 |    802 |     21 |      0 |    618 |   2 |  411.5 |
               +--------+--------+--------+--------+--------+-----+--------+

Top non-repeatable levels by time:
     D:1: 812 daAuts
     D:2: 11 daAuts
